 Dungeon Crawl Stone Soup version 0.29-a0-477-g62b78b4225 (webtiles) character file.

Game seed: 16541640006561614137

138 frimble the Grasshopper (level 5, -1/43 HPs)
             Began as a Gnoll Warper on May 25, 2022.
             Slain by a gnoll
             ... wielding a +0 spear
              (5 damage)
             ... on level 3 of the Dungeon.
             The game lasted 00:02:43 (2641 turns).

frimble the Grasshopper (Gnoll Warper)              Turns: 2641, Time: 00:02:43

Health: -1/43      AC:  7    Str: 10    XL:     5   Next: 21%
Magic:  10/12      EV: 11    Int: 19    God:
Gold:   108        SH:  0    Dex: 11    Spells: 12/14 levels left

rFire   . . .      SeeInvis .     - Unarmed
rCold   . . .      Faith    .   (no shield)
rNeg    + . .      Spirit   .   j - +0 ring mail of Negligence {rPois rN+ Int+4 Stlth+}
rPois   +          Reflect  .   d - +1 helmet
rElec   .          Harm     .   (no cloak)
rCorr   .          Rampage  .   (no gloves)
Will    .....                   (no boots)
Stlth   ++........              (no amulet)
HPRegen 0.14/turn               (no ring)
MPRegen 0.13/turn               (no ring)

@: on blink cooldown
A: fangs 1, strong nose, distributed training
a: no special abilities


You were on level 3 of the Dungeon.
You visited 1 branch of the dungeon, and saw 3 of its levels.

You collected 108 gold pieces.

Inventory:

Missiles
 c - 7 boomerangs of dispersal
 e - 10 poisoned darts (quivered)
Armour
 d - a +1 helmet (worn)
 j - the +0 ring mail of Negligence (worn) {rPois rN+ Int+4 Stlth+}
   (You found it on level 2 of the Dungeon)

   Int:       It affects your intelligence (+4).
   rPois:     It protects you from poison.
   rN:        It protects you from negative energy.
   Stlth:     It makes you more stealthy.
Wands
 l - a wand of polymorph (13)
Scrolls
 a - a scroll of identify
 b - 2 scrolls of blinking
Potions
 f - 2 potions of invisibility
 g - a potion of heal wounds {unknown}
 h - a potion of degeneration {unknown}
 i - 3 potions of curing
 m - a potion of lignification {unknown}


   Skills:
 + Level 4.7 Fighting
 + Level 1.4 Short Blades
 + Level 1.4 Long Blades
 + Level 1.4 Axes
 + Level 1.4 Maces & Flails
 + Level 1.4 Polearms
 + Level 1.4 Staves
 + Level 1.4 Slings
 + Level 1.4 Bows
 + Level 1.4 Crossbows
 + Level 2.9 Throwing
 + Level 2.9 Armour
 + Level 4.7 Dodging
 + Level 1.4 Stealth
 + Level 1.4 Shields
 + Level 4.7 Unarmed Combat
 + Level 5.1 Spellcasting
 + Level 1.1 Conjurations
 + Level 1.1 Hexes
 + Level 1.1 Summonings
 + Level 1.1 Necromancy
 + Level 5.5 Translocations
 + Level 1.1 Transmutations
 + Level 1.1 Fire Magic
 + Level 1.1 Ice Magic
 + Level 1.1 Air Magic
 + Level 1.1 Earth Magic
 + Level 1.1 Poison Magic
 + Level 1.5 Invocations
 + Level 1.4 Evocations


You had 12 spell levels left.
You knew the following spells:

 Your Spells              Type           Power      Damage    Failure   Level
a - Blink                 Tloc           50%        N/A       4%          2

Your spell library contained the following spells:

 Spells                   Type           Power      Damage    Failure   Level
 Gell's Gravitas          Tloc           25%        N/A       9%          3
 Lesser Beckoning         Tloc           25%        N/A       9%          3
 Teleport Other           Tloc           25%        N/A       9%          3
 Manifold Assault         Tloc           25%        N/A       63%         5


Dungeon Overview and Level Annotations

Branches:
Dungeon (3/15)

Altars:


Innate Abilities, Weirdness & Mutations

You have very sharp teeth.
Your uncanny sense of smell can sniff out nearby items.
Your experience applies equally to all skills.


Message History

Press: ? - help, Q - select action, (/) - cycle Shift-Dir - straight line, f/p - gnoll
Aim: a gnoll, wielding a +0 halberd (severely wounded, 63% to hit)
You throw a poisoned dart. The poisoned dart hits the gnoll.
The gnoll is poisoned.
The gnoll is severely wounded.
The gnoll looks more healthy.
Throw: 11 darts (poison)
Press: ? - help, Q - select action, (/) - cycle Shift-Dir - straight line, f/p - gnoll
Aim: a gnoll, wielding a +0 halberd (almost dead, 63% to hit)
You throw a poisoned dart. The poisoned dart hits the gnoll!
The gnoll is poisoned.
The gnoll is almost dead.
You barely miss the gnoll.
The gnoll is almost dead.
The gnoll hits you with a +0 halberd. The gnoll hits you but does no damage.
You hit the gnoll but do no damage.
The gnoll is almost dead.
The gnoll barely misses you. The gnoll closely misses you.
You closely miss the gnoll.
The gnoll is almost dead.
The gnoll barely misses you.
The gnoll hits you from afar with a +0 spear.
* * * LOW HITPOINT WARNING * * *
You hit the gnoll.
You kill the gnoll!
The gnoll hits you from afar with a +0 spear.
* * * LOW HITPOINT WARNING * * *
The gnoll closely misses you.
You hit the gnoll.
The gnoll is heavily wounded.
The gnoll hits you with a +0 spear.
* * * LOW HITPOINT WARNING * * *
You barely miss the gnoll.
The gnoll is heavily wounded.
The gnoll misses you.
Casting: Blink (safe; 4% risk of failure)
Confirm with . or Enter, or press ? or * to list all spells.
You blink.
The gnoll hits you from afar with a +0 spear.
You die...

#.....###
#.##############
#...### #...#####
...## #.#.....# ...#
#.#.###.# ...#
#'#+###.# ..##
#.......# ..#
#.......# (########
##.......#
.....##.###.....@.##
......#.........).#
...g..#....<..g§..#
#.....#...).......#
#......(..)########
#####.##...#
.......+...#
#####.##...#
#.##.###


You could see a gnoll.

Vanquished Creatures
  Jessica (D:2)
  Terence (D:2)
  2 gnolls (D:3)
  2 adders
  A dart slug (D:1)
  5 bats
  4 endoplasms
  2 giant cockroaches (D:2)
  5 goblins
  6 hobgoblins (D:1)
  A quokka (D:2)
  5 ball pythons
  2 frilled lizards
  8 kobolds
  5 rats
50 creatures vanquished.

Notes
Turn   | Place    | Note
-------+----------+-------------------------------------------
     0 | D:1      | frimble the Gnoll Warper began the quest for the Orb.
     0 | D:1      | Reached XP level 1. HP: 20/20 MP: 6/6
    97 | D:1      | Reached XP level 2. HP: 21/26 MP: 7/7
   183 | D:1      | Found a faded altar of an unknown god.
   490 | D:1      | Learned a level 2 spell: Blink
   629 | D:1      | Reached XP level 3. HP: 31/31 MP: 9/9
   697 | D:1      | Reached skill level 5 in Spellcasting
  1474 | D:2      | Identified the +0 ring mail of Negligence {rPois rN+ Int+4
                  | Stlth+}
  1594 | D:2      | Noticed Terence
  1613 | D:2      | Killed Terence
  1614 | D:2      | Reached skill level 1 in Short Blades
  1614 | D:2      | Reached skill level 1 in Long Blades
  1614 | D:2      | Reached skill level 1 in Axes
  1614 | D:2      | Reached skill level 1 in Maces & Flails
  1614 | D:2      | Reached skill level 1 in Polearms
  1614 | D:2      | Reached skill level 1 in Staves
  1614 | D:2      | Reached skill level 1 in Slings
  1614 | D:2      | Reached skill level 1 in Bows
  1614 | D:2      | Reached skill level 1 in Crossbows
  1614 | D:2      | Reached skill level 1 in Stealth
  1614 | D:2      | Reached skill level 1 in Shields
  1614 | D:2      | Reached skill level 1 in Invocations
  1614 | D:2      | Reached skill level 1 in Evocations
  1614 | D:2      | Reached XP level 4. HP: 38/38 MP: 11/11
  1724 | D:2      | Noticed Jessica
  1734 | D:2      | Killed Jessica
  1735 | D:2      | Reached skill level 1 in Conjurations
  1735 | D:2      | Reached skill level 1 in Hexes
  1735 | D:2      | Reached skill level 1 in Summonings
  1735 | D:2      | Reached skill level 1 in Necromancy
  1735 | D:2      | Reached skill level 1 in Transmutations
  1735 | D:2      | Reached skill level 1 in Fire Magic
  1735 | D:2      | Reached skill level 1 in Ice Magic
  1735 | D:2      | Reached skill level 1 in Air Magic
  1735 | D:2      | Reached skill level 1 in Earth Magic
  1735 | D:2      | Reached skill level 1 in Poison Magic
  2441 | D:3      | Reached XP level 5. HP: 43/43 MP: 12/12
  2641 | D:3      | Slain by a gnoll

Illustrated notes

Levels and vault maps discovered:
D:1:      evilmike_arrival_rings, layout_loops_ring,
          chequers_ecumenical_altar_simple, minmay_tetromino_i4
D:2:      layout_loops_ring, minmay_curled_crystal, grunt_ministairs_8,
          kennysheep_small_spiral, minmay_pentomino_pile, uniq_terence,
          uniq_jessica
D:3:      layout_basic, serial_curves, eino_curves_02, eino_curves_03,
          eino_curves_04, eino_curves_02, minmay_unequal

Skill      XL: |  1  2  3  4 |
---------------+-------------+-----
Spellcasting   | 5 |  5.1
Short Blades   | 1 |  1.4
Long Blades    | 1 |  1.4
Axes           | 1 |  1.4
Maces & Flails | 1 |  1.4
Polearms       | 1 |  1.4
Staves         | 1 |  1.4
Slings         | 1 |  1.4
Bows           | 1 |  1.4
Crossbows      | 1 |  1.4
Stealth        | 1 |  1.4
Shields        | 1 |  1.4
Invocations    | 1 |  1.5
Evocations     | 1 |  1.4
Conjurations   | 1 |  1.1
Hexes          | 1 |  1.1
Summonings     | 1 |  1.1
Necromancy     | 1 |  1.1
Transmutations | 1 |  1.1
Fire Magic     | 1 |  1.1
Ice Magic      | 1 |  1.1
Air Magic      | 1 |  1.1
Earth Magic    | 1 |  1.1
Poison Magic   | 1 |  1.1
Fighting       | |  4.7
Throwing       | |  2.9
Armour         | |  2.9
Dodging        | |  4.7
Unarmed Combat | |  4.7
Translocations | |  5.5

Action                   |  1- 3 |  4- 6 || total
-------------------------+-------+-------++-------
Melee: Unarmed           |    88 |    69 ||   157
       Bite              |     8 |     4 ||    12
       Punch             |     3 |     1 ||     4
Throw: Dart              |     8 |     8 ||    16
 Cast: Blink             |       |     1 ||     1
  Use: Scroll            |     4 |     2 ||     6
 Stab: Sleeping          |     1 |     4 ||     5
Armor: Leather armour    |    11 |       ||    11
       Ring mail         |       |    32 ||    32
Dodge: Dodged            |    58 |    42 ||   100

Table legend: (Time is in decaauts)
 A = Elapsed time spent in this place.
 B = Non-inter-level travel time spent in this place.
 C = Inter-level travel time spent in this place.
 D = Time resting spent in this place.
 E = Time spent auto-exploring this place.
 F = Levels seen in this place.
 G = Mean time per level.
                   A        B        C        D        E       F      G
               +--------+--------+--------+--------+--------+-----+--------+
         Total |   2625 |   2497 |    128 |     53 |   2008 |   3 |  875.0 |
       Dungeon |   2625 |   2497 |    128 |     53 |   2008 |   3 |  875.0 |
               +--------+--------+--------+--------+--------+-----+--------+

Top non-repeatable levels by time:
     D:2: 1186 daAuts
     D:1: 1142 daAuts
     D:3: 295 daAuts
